 Dungeon Crawl Stone Soup version 0.29-a0-284-gf9362112df (webtiles) character file.

Game seed: 13787143219720568239

2629 Dabor the Skirmisher (level 9, -6/56 HPs)
             Began as a Gargoyle Gladiator on Mar 14, 2022.
             Was a Follower of Makhleb.
             Mangled by an eight-headed hydra (9 damage)
             ... on level 7 of the Dungeon.
             The game lasted 00:14:14 (7981 turns).

Dabor the Skirmisher (Gargoyle Gladiator)           Turns: 7981, Time: 00:14:14

Health: -6/56      AC: 18    Str: 33    XL:     9   Next: 61%
Magic:  11/11      EV: 15    Int:  7    God:    Makhleb [*.....]
Gold:   301        SH:  5    Dex: 23    Spells: 8/8 levels left

rFire   . . .      SeeInvis +   x - +3 mace of the Curious Olives {vorpal, rC+ Int-3 Dex+3}
rCold   . . .      Faith    .   (no shield)
rNeg    + . .      Spirit   .   s - +2 ring mail "Urrom" {rElec Dex+4 Stlth+}
rPois   ∞          Reflect  +   c - +0 helmet
rElec   +          Harm     .   u - +0 cloak
rCorr   .          Rampage  .   (no gloves)
Will    .....                   A - +0 pair of boots
Stlth   ++........              i - amulet of reflection
HPRegen 0.18/turn               D - ring "Zuatas" {rC- Str+6 Dex+5 SInv}
MPRegen 0.12/turn               t - +6 ring of strength

@: no status effects
A: sickness immunity, AC +6, negative energy resistance 1, electricity
resistance, torment resistance 1, petrification resistance
a: Renounce Religion


You were on level 7 of the Dungeon.
You worshipped Makhleb.
Makhleb was aware of your devotion.
You visited 2 branches of the dungeon, and saw 8 of its levels.

You collected 413 gold pieces.
You spent 112 gold pieces at shops.

Inventory:

Hand Weapons
 w - a +0 whip of freezing
 x - the +3 mace of the Curious Olives (weapon) {vorpal, rC+ Int-3 Dex+3}
   (You found it on level 3 of the Dungeon)

   It inflicts extra damage upon your enemies.
   Int:       It affects your intelligence (-3).
   Dex:       It affects your dexterity (+3).
   rC:        It protects you from cold.
Missiles
 e - 7 javelins (quivered)
Armour
 c - a +0 helmet (worn)
 s - the +2 ring mail "Urrom" (worn) {rElec Dex+4 Stlth+}
   (You found it on level 2 of the Dungeon)

   Dex:       It affects your dexterity (+4).
   rElec:     It insulates you from electricity.
   Stlth:     It makes you more stealthy.
 u - a +0 cloak (worn)
 A - a +0 pair of boots (worn)
Jewellery
 b - a ring of willpower
 h - a ring of resist corrosion
 i - an amulet of reflection (around neck)
 t - a +6 ring of strength (right hand)
 v - a ring of positive energy
 D - the ring "Zuatas" (left hand) {rC- Str+6 Dex+5 SInv}
   (You found it on level 6 of the Dungeon)

   [ring of strength]

   Str:       It affects your strength (+6).
   Dex:       It affects your dexterity (+5).
   rC:        It makes you vulnerable to cold.
   SInv:      It lets you see invisible.
Scrolls
 g - 2 scrolls of amnesia
 l - 2 scrolls of identify
 m - a scroll of enchant armour
 o - a scroll of fear
 r - a scroll of teleportation
 y - a scroll of vulnerability
 B - 2 scrolls of enchant weapon {unknown}
 E - a scroll of brand weapon {unknown}
Potions
 a - a potion of berserk rage
 f - a potion of haste {unknown}
 j - a potion of invisibility {unknown}
 k - a potion of lignification {unknown}
 n - a potion of mutation
 q - 2 potions of curing {unknown}
 z - a potion of brilliance {unknown}


   Skills:
 + Level 6.7 Fighting
 + Level 6.5 Maces & Flails
 - Level 4.0 Throwing
 + Level 6.0 Armour
 + Level 5.4 Dodging
 + Level 3.8 Invocations


You had 8 spell levels left.
You didn't know any spells.
Your spell library contained the following spells:

 Spells                   Type           Power      Damage    Failure   Level
 Static Discharge         Conj/Air       0%         N/A       67%         2
 Gell's Gravitas          Tloc           0%         N/A       88%         3
 Ignite Poison            Fire/Tmut/Pois 0%         N/A       88%         3
 Lesser Beckoning         Tloc           0%         N/A       88%         3
 Mephitic Cloud           Conj/Pois/Air  0%         N/A       88%         3
 Teleport Other           Tloc           0%         N/A       88%         3
 Dispel Undead            Necr           0%         3d6       99%         4
 Sticky Flame             Conj/Fire      0%         2d3       99%         4
 Freezing Cloud           Conj/Ice/Air   0%         6-21      100%        5


Dungeon Overview and Level Annotations

Branches:
Dungeon (7/15)             Temple (1/1) D:5

Altars:
Ashenzari
Cheibriados
Dithmenos
Fedhas
Gozag
Kikubaaqudgha
Makhleb
Nemelex Xobeh
Okawaru
Qazlal
Sif Muna
Trog
Vehumet
Wu Jian
Xom
Yredelemnul
Zin

Shops:
D:2 *[*!!


Innate Abilities, Weirdness & Mutations

You are immune to sickness and miasma.
Your stone body is resilient. (AC +6)
You are immune to poison.
You resist negative energy. (rN+)
You are resistant to electric shocks. (rElec)
You are resistant to unholy torment.
You are immune to petrification.


Message History

Aim: an eight-headed hydra (heavily wounded)
The mass of ice explodes!
The iceblast engulfs the eight-headed hydra!
The eight-headed hydra is severely wounded.
Aiming: Iceblast
Press: ? - help, Shift-Dir - straight line, f/p - eight-headed hydra
Aim: an eight-headed hydra (severely wounded)
The mass of ice explodes!
The iceblast engulfs the eight-headed hydra!
The eight-headed hydra is almost dead.
The now-empty wand crumbles to dust.
You sock the eight-headed hydra!
Your punch misses the eight-headed hydra.
The eight-headed hydra is almost dead.
The eight-headed hydra closely misses you.
The eight-headed hydra bites you but does no damage.
The eight-headed hydra bites you!
The eight-headed hydra bites you but does no damage.
The eight-headed hydra barely misses you.
The eight-headed hydra misses you.
The eight-headed hydra bites you but does no damage.
The eight-headed hydra closely misses you.
You barely miss the eight-headed hydra.
The eight-headed hydra is almost dead.
The eight-headed hydra bites you!
* * * LOW HITPOINT WARNING * * *
The eight-headed hydra misses you.
The eight-headed hydra closely misses you.
The eight-headed hydra bites you but does no damage.
You block the eight-headed hydra's attack.
The eight-headed hydra bites you!
* * * LOW HITPOINT WARNING * * *
The eight-headed hydra barely misses you.
The eight-headed hydra bites you.
* * * LOW HITPOINT WARNING * * *
You barely miss the eight-headed hydra.
The eight-headed hydra is almost dead.
The eight-headed hydra bites you but does no damage.
The eight-headed hydra misses you. The eight-headed hydra bites you!
You die...

#.....######.#
#####........#
##+#+#### #.######.#
.....). #.# ####.#
..... #.# #....# ...
#######[######## #+#(#
#.............#
#.#.#####.#####.#####.#
#.......D@......#
#################


You could see an eight-headed hydra.

Vanquished Creatures
  The ghost of mfcas the Digger, an amateur GnEE (D:5)
  Sigmund (D:3)
  3 yaks (D:6)
  2 black bears
  An ice beast (D:4)
  3 ogres
  3 centaurs
  2 phantoms
  A kobold brigand (D:3)
  A bullfrog (D:6)
  A scorpion (D:5)
  A necrophage (D:6)
  A hound (D:4)
  2 jellies
  Crazy Yiuf (D:3)
  3 orc priests
  3 iguanas
  Terence (D:3)
  4 orc wizards
  6 adders
  10 gnolls
  A white imp (D:5)
  2 worms
  6 dart slugs
  18 orcs
  11 ball pythons
  5 bats
  7 endoplasms
  A giant cockroach (D:3)
  6 goblins
  7 hobgoblins
  4 jackals (D:4)
  5 quokkas
  A frilled lizard (D:1)
  7 kobolds
  6 rats
138 creatures vanquished.

Notes
Turn   | Place    | Note
-------+----------+-------------------------------------------
     0 | D:1      | Dabor the Gargoyle Gladiator began the quest for the Orb.
     0 | D:1      | Reached XP level 1. HP: 12/12 MP: 1/1
   542 | D:1      | Reached XP level 2. HP: 18/18 MP: 2/2
  1203 | D:1      | Reached XP level 3. HP: 22/22 MP: 3/3
  1432 | D:2      | Found Niysmulu's General Store.
  1454 | D:2      | Found Plog's Antique Armour Shop.
  1508 | D:2      | Found Peamacua's Distillery.
  1512 | D:2      | Bought a potion of degeneration for 10 gold pieces
  1512 | D:2      | Bought a potion of mutation for 80 gold pieces
  1515 | D:2      | Found Etircheyg's Distillery.
  1598 | D:2      | Reached skill level 1 in Armour
  1736 | D:2      | Reached XP level 4. HP: 16/27 MP: 4/4
  1956 | D:2      | Found a faded altar of an unknown god.
  2079 | D:2      | Identified the +2 ring mail "Urrom" {rElec Dex+4 Stlth+}
  2106 | D:2      | Found Ren Zar's General Store.
  2120 | D:2      | Bought a scroll of identify for 22 gold pieces
  2669 | D:3      | Reached XP level 5. HP: 18/32 MP: 5/5
  2883 | D:3      | Noticed Sigmund
  2907 | D:3      | Killed Sigmund
  2908 | D:3      | Reached XP level 6. HP: 34/37 MP: 6/6
  3650 | D:3      | Noticed Terence
  3674 | D:3      | Killed Terence
  3675 | D:3      | Reached XP level 7. HP: 37/43 MP: 7/7
  3810 | D:3      | Found a runed translucent door.
  3811 | D:3      | Noticed Crazy Yiuf
  4003 | D:3      | Killed Crazy Yiuf
  4007 | D:3      | Identified the +3 mace of the Curious Olives {vorpal, rC+
                  | Int-3 Dex+3}
  4922 | D:4      | Reached XP level 8. HP: 44/48 MP: 8/8
  5388 | D:5      | Entered Level 5 of the Dungeon
  5413 | D:5      | Reached skill level 5 in Maces & Flails
  5554 | D:5      | Reached skill level 5 in Fighting
  5583 | D:5      | Found a runed translucent door.
  5584 | D:5      | Noticed mfcas's ghost (amateur GnEE)
  5624 | D:5      | Found a staircase to the Ecumenical Temple.
  5711 | Temple   | Entered the Ecumenical Temple
  6072 | Temple   | Became a worshipper of Makhleb the Destroyer
  6243 | D:5      | Reached skill level 1 in Invocations
  6594 | D:5      | Killed mfcas's ghost
  6595 | D:5      | Reached skill level 5 in Armour
  6653 | D:5      | Reached XP level 9. HP: 12/55 MP: 10/10
  7114 | D:6      | Identified the +1 ring mail of the Endless Expanse {Will-
                  | rCorr Int+7}
  7121 | D:6      | Reached skill level 5 in Dodging
  7356 | D:6      | Found a bloodstained altar of Trog.
  7417 | D:6      | Identified the ring "Zuatas" {rC- Str+6 Dex+5 SInv}
  7465 | D:6      | Reached * piety under Makhleb
  7955 | D:7      | Noticed an eight-headed hydra
  7981 | D:7      | Mangled by an eight-headed hydra

Illustrated notes

Levels and vault maps discovered:
D:1:      scummos_arrival_hexagon, layout_loops_ring
D:2:      layout_rooms, serial_shops, nicolae_shop_hallway_plus, shop,
          nicolae_shop_hallway_stairs, shop_coins, shop_fountains,
          dreamdust_ecumenical_altar_hidden_monk_grotto, minmay_small_reverse_x
D:3:      layout_basic, uniq_terence, uniq_sigmund, uniq_crazy_yiuf_cottage
D:4:      layout_layer_cave, chequers_serial_rivers_micro_d
D:5:      layout_loops_ring, minmay_temple_entry_trees,
          hellmonk_ghost_happy_afterlife
D:6:      layout_cave_pools, amcnicky_altar_gilded
D:7:      lemuel_ice_statue, layout_basic, nicolae_overflow_hidden_temple,
          chequers_serial_rivers_micro_b
Temple:   nicolae_temple_elliptical

Skill      XL: |  1  2  3  4  5  6  7  8  9 |
---------------+----------------------------+-----
Throwing       | 2 3 4 |  4.0
Armour         | 1 2 3 5 6 |  6.0
Fighting       | 3 4 5 6 |  6.7
Dodging        | 3 4 5 |  5.4
Maces & Flails | 4 5 6 |  6.5
Invocations    | 2 3 |  3.8

Action                   |  1- 3 |  4- 6 |  7- 9 || total
-------------------------+-------+-------+-------++-------
Melee: Flail             |   134 |   131 |       ||   265
       Punch             |     1 |     4 |     3 ||     8
       Whip              |       |    20 |    13 ||    33
       Mace              |       |       |   217 ||   217
Throw: Throwing net      |       |     3 |     6 ||     9
Evoke: Wand              |       |       |     6 ||     6
  Use: Scroll            |     2 |     4 |     3 ||     9
       Potion            |       |       |     2 ||     2
 Stab: Sleeping          |     1 |     1 |     4 ||     6
       Held in net/web   |       |     1 |     2 ||     3
Armor: Leather armour    |    52 |     3 |       ||    55
       Ring mail         |       |    60 |   120 ||   180
Dodge: Dodged            |    95 |    80 |   171 ||   346
Block: Other             |    34 |    34 |    52 ||   120
       Reflection        |       |     1 |     3 ||     4

Table legend: (Time is in decaauts)
 A = Elapsed time spent in this place.
 B = Non-inter-level travel time spent in this place.
 C = Inter-level travel time spent in this place.
 D = Time resting spent in this place.
 E = Time spent auto-exploring this place.
 F = Levels seen in this place.
 G = Mean time per level.
                   A        B        C        D        E       F      G
               +--------+--------+--------+--------+--------+-----+--------+
         Total |   8059 |   7870 |    189 |   1618 |   4795 |   8 | 1007.4 |
       Dungeon |   7679 |   7496 |    183 |   1405 |   4783 |   7 | 1097.0 |
        Temple |    379 |    373 |      6 |    213 |     12 |   1 |  379.0 |
               +--------+--------+--------+--------+--------+-----+--------+

Top non-repeatable levels by time:
     D:3: 1452 daAuts
     D:1: 1448 daAuts
     D:4: 1324 daAuts
     D:5: 1320 daAuts
     D:2: 1222 daAuts
     D:6: 801 daAuts
  Temple: 379 daAuts
     D:7: 109 daAuts
